Introsp3ctive, chaotic male orcish Rogue h G G - h G h @.f..G.. GG G G - - G Introsp3ctive the Rogue Experience level: 6 Strength: 11 Dexterity: 18 Constitution: 17 Intelligence: 11 Wisdom: 9 Charisma: 10 Health: 0(42) Energy: 20(20) Def: 3 Gold: 168 Moves: 3978 Dungeon seed: ZEs-ZYTPGsCQePI1 Game ID: Introsp3ctive_1467556334 Your Inventory: Coins $ - 168 gold pieces Weapons a - a blessed +0 orcish short sword (weapon in hand) b - 12 uncursed +0 orcish daggers named <> (in quiver) B - 10 cursed -1 darts U - 7 uncursed +0 daggers Armor e - an uncursed +1 leather armor (being worn) n - an uncursed +0 pair of iron shoes q - an uncursed +0 dwarvish cloak r - an uncursed +0 pair of iron shoes Comestibles g - an uncursed tripe ration m - an uncursed cram ration H - an uncursed apple Scrolls O - an uncursed scroll of confuse monster Potions E - an uncursed potion of water Rings R - a blessed +1 ring of gain strength (on left hand) Wands M - an uncursed wand of magic missile (0:4) Tools d - an uncursed lock pick f - an uncursed sack A - 2 uncursed tallow candles (0:200) T - an uncursed skeleton key V - an uncursed +0 pick-axe Y - an uncursed magic whistle Contents of the sack: a blessed scroll of identify an uncursed tin whistle Spells and supernatural/magical abilities: Name Level Category Fail Memory W - pray for help -- divine ? -- Your skills at the end: Fighting Skills Weapon Skills dagger [Basic] short sword [Basic] Spellcasting Skills Final Attributes: You were piously aligned. You were poison resistant. You were blinded. You were telepathic. You had infravision. You were stealthy. You are dead. Vanquished creatures: a small mimic a dwarf king a rock mole a fog cloud a shrieker a gnome lord a baby crocodile a little dog a floating eye 2 dwarves 2 kobold lords 2 kobold shamans 2 giant bats an iguana an acid blob a hobbit 2 manes 5 giant rats a yellow mold 2 red molds 10 gnomes 4 garter snakes 2 gnome zombies a gecko 8 jackals a fox 3 kobolds a goblin 5 sewer rats a grid bug 3 bats 7 lichens 4 kobold zombies 10 newts 90 creatures vanquished. Voluntary challenges: You used a wielded weapon 59 times, starting on turn 468. You read items or engraved 10 times, starting on turn 699. You never genocided any monsters. You never polymorphed an object. You never changed form. You used no wishes. You never split a pudding. You never wrote Elbereth's name. You never violated your personal moral code. Dungeon overview: The Dungeons of Doom: levels 1 to 6 Level 1 some fountains a long staircase Level 2 a scroll shop, a fountain Level 3 a general store, some fountains stairs to The Gnomish Mines Level 4 a fountain, a sink Level 5 an altar to Mog, a fountain Level 6 a jewelry store, some fountains The Gnomish Mines: levels 4 to 5 Level 4 stairs to The Dungeons of Doom Level 5 <- You were here History has recorded: On T:1 you entered the Dungeons of Doom to retrieve the Amulet of Yendor! On T:277 you reached level 2 of The Dungeons of Doom. On T:462 you reached level 3 of The Dungeons of Doom. On T:857 you advanced to experience level 2. On T:890 you reached level 1 of The Gnomish Mines. On T:963 you reached level 4 of The Dungeons of Doom. On T:1163 you advanced to experience level 3. On T:1626 you advanced to experience level 4. On T:1710 you reached level 5 of The Dungeons of Doom. On T:2516 you reached level 6 of The Dungeons of Doom. On T:2929 you advanced to experience level 5. On T:3951 you reached level 2 of The Gnomish Mines. On T:3957 you advanced to experience level 6. Score breakdown: Gold: 168 ( 7578 points) Experience: 6 levels (12456 points) Exploration: 6 levels ( 11.76%) ( 9486 points) Discoveries: 14 items ( 4.88%) ( 6625 points) Valuables value: (no points given unless you survive) Artifact value: 0 ( 0 points) Variety of kills: 34 monsters ( 8.92%) ( 8961 points) Turncount: 3978 turns (-1016 points) Survival: died (score multiplied by 80%) Total score: 35272 Latest messages: b - 2 uncursed +0 orcish daggers named <> (in quiver). You try to feel what is lying here on the floor. You feel here a gnome corpse. b - 5 uncursed +0 orcish daggers named <> (in quiver). Oof! You walk into something hard. You stop. Calvin Banksy is in the way! The orcish dagger named <> hits the gnome king. You hit the gnome king. Oof! You walk into something hard. The gnome king hits! Oof! You walk into something hard. The gnome king hits! You hit the gnome king. The gnome king hits! You stop. Calvin Banksy is in the way! The gnome king hits! You displace Calvin Banksy. You hear some noises. You hear a nearby zap. The wand hits you! You die... Final status: Goodbye Introsp3ctive the Rogue, killed by a wand... You died in The Gnomish Mines on dungeon level 5 with 35272 points, and 168 pieces of gold, after 3978 moves. You were level 6 with a maximum of 42 hit points when you died.